[ AOE2 MATCH · #480093020 ]
Team RMMongols vs Koreans
[ REPLAY ANALYSIS · EXTRACTED FROM THE RECORDED GAME ]
Feudal
9:29
Castle
21:23
Imperial
31:17
| APM avg | 11.4 |
| APM peak | 35 |
| eAPM avg | 8.9 |
| Villagers / military | 64 / 0 |
Focus
⚔️ 6.8% · 🌾 93.2%
Feudal
11:59
Castle
16:37
Imperial
—
| APM avg | 25.2 |
| APM peak | 83 |
| eAPM avg | 8.5 |
| Villagers / military | 40 / 43 |
Focus
⚔️ 31.2% · 🌾 68.8%
Archer ×21 · Spearman ×14 · Battering Ram ×4 · Mangonel ×2 · Scorpion ×1 · Ballista Elephant ×1
Feudal
13:14
Castle
25:33
Imperial
—
| APM avg | 13.5 |
| APM peak | 30 |
| eAPM avg | 6.1 |
| Villagers / military | 57 / 0 |
Focus
⚔️ 3.9% · 🌾 96.1%
Feudal
9:38
Castle
18:51
Imperial
30:29
| APM avg | 15.1 |
| APM peak | 35 |
| eAPM avg | 11.1 |
| Villagers / military | 97 / 0 |
Focus
⚔️ 6.6% · 🌾 93.4%
Feudal
12:26
Castle
17:05
Imperial
—
| APM avg | 17.7 |
| APM peak | 42 |
| eAPM avg | 13.3 |
| Villagers / military | 134 / 21 |
Focus
⚔️ 13.6% · 🌾 86.4%
Mangudai ×21
Feudal
13:32
Castle
17:18
Imperial
—
| APM avg | 21.3 |
| APM peak | 47 |
| eAPM avg | 10.7 |
| Villagers / military | 84 / 35 |
Focus
⚔️ 19.0% · 🌾 81.0%
Longbowman ×19 · Spearman ×15 · Battering Ram ×1
Feudal
—
Castle
—
Imperial
—
| APM avg | 11.8 |
| APM peak | 56 |
| eAPM avg | 8.2 |
| Villagers / military | 50 / 31 |
Focus
⚔️ 24.8% · 🌾 75.2%
Knight ×16 · Cavalry Archer ×8 · Spearman ×7
Feudal
12:21
Castle
17:06
Imperial
—
| APM avg | 50.0 |
| APM peak | 108 |
| eAPM avg | 25.3 |
| Villagers / military | 127 / 1 |
Focus
⚔️ 4.9% · 🌾 95.1%
Monk ×1
Match map
Resources at game start + every placement click. Thick line = wall · dashed box = detected house wall. 🟡 gold · ⚪ stone · 🟢 berries · 🔶 boar · ⭕ relic
Inputs per minute
— Shirasoni - - Kuo_Lo
Build order — Shirasoni
148 actions detected in the replay
| 0:01 | Create | Villager (Male) |
| 0:03 | Build | House |
| 0:04 | Build | House |
| 0:06 | Create | Villager (Male) |
| 0:18 | Create | Villager (Male) |
| 0:34 | Create | Villager (Male) |
| 1:45 | Create | Villager (Male) |
| 2:14 | Create | Villager (Male) |
| 2:23 | Create | Villager (Male) |
| 2:48 | Build | Lumber Camp |
| 3:18 | Create | Villager (Male) |
| 3:22 | Create | Villager (Male) |
| 3:54 | Build | House |
| 4:03 | Create | Villager (Male) |
| 4:08 | Create | Villager (Male) |
| 4:30 | Create | Villager (Male) |
| 5:19 | Build | Mill |
| 5:39 | Create | Villager (Male) |
| 5:42 | Create | Villager (Male) |
| 6:04 | Create | Villager (Male) |
| 6:24 | Create | Villager (Male) |
| 6:46 | Create | Villager (Male) |
| 7:11 | Research | Feudal Age |
| 7:13 | Create | Villager (Male) |
| 7:25 | Build | Mining Camp |
| 7:58 | Build | House |
| 8:00 | Build | House |
| 9:21 | Create | Villager (Male) |
| 9:29 | Age | Feudal Age |
| 10:32 | Create | Villager (Male) |
| 10:43 | Build | Mill |
| 10:49 | Create | Villager (Male) |
| 11:00 | Build | Blacksmith |
| 11:16 | Build | Market |
| 11:23 | Create | Villager (Male) |
| 11:36 | Research | Horse Collar |
| 11:39 | Research | Double-Bit Axe |
| 11:42 | Create | Villager (Male) |
| 11:55 | Build | Mining Camp |
| 12:10 | Build | Farm |
| 12:11 | Build | Farm |
| 12:16 | Create | Villager (Male) |
| 12:29 | Build | Farm |
| 12:40 | Build | House |
| 12:41 | Build | House |
| 12:42 | Build | House |
| 12:46 | Create | Villager (Male) |
| 12:46 | Create | Villager (Male) |
| 13:21 | Create | Villager (Male) |
| 13:24 | Build | Farm |
| 13:25 | Build | Farm |
| 13:29 | Create | Villager (Male) |
| 13:48 | Create | Villager (Male) |
| 14:19 | Build | House |
| 14:28 | Create | Villager (Male) |
| 14:30 | Build | Farm |
| 14:48 | Create | Villager (Male) |
| 14:56 | Build | Farm |
| 15:21 | Create | Villager (Male) |
| 15:27 | Build | Farm |
| 15:45 | Build | Farm |
| 15:46 | Create | Villager (Male) |
| 16:16 | Build | House |
| 16:17 | Build | House |
| 16:19 | Build | House |
| 16:43 | Build | Farm |
| 16:46 | Build | Farm |
| 16:48 | Create | Villager (Male) |
| 16:50 | Create | Villager (Male) |
| 17:11 | Build | Farm |
| 17:13 | Build | Farm |
| 17:22 | Build | Farm |
| 17:34 | Create | Villager (Male) |
| 17:44 | Build | House |
| 17:45 | Build | House |
| 17:48 | Build | House |
| 18:10 | Build | Farm |
| 18:12 | Research | Castle Age |
| 18:14 | Research | Loom |
| 18:20 | Research | Castle Age |
| 18:47 | Research | Gold Mining |
| 18:53 | Create | Villager (Male) |
| 20:00 | Build | Barracks |
| 20:35 | Create | Villager (Male) |
| 20:43 | Research | Stone Mining |
| 20:58 | Research | Wheelbarrow |
| 21:23 | Age | Castle Age |
| 21:36 | Research | Bow Saw |
| 21:38 | Research | Heavy Plow |
| 21:43 | Research | Gold Shaft Mining |
| 21:46 | Research | Stone Shaft Mining |
| 21:55 | Build | Town Center |
| 22:02 | Create | Villager (Male) |
| 22:49 | Build | Castle |
| 23:14 | Create | Villager (Male) |
| 23:26 | Build | Town Center |
| 23:52 | Create | Villager (Male) |
| 23:53 | Create | Villager (Male) |
| 24:58 | Create | Villager (Male) |
| 24:59 | Create | Villager (Male) |
| 25:00 | Research | Hand Cart |
| 25:04 | Create | Villager (Male) |
| 25:14 | Create | Villager (Male) |
| 25:21 | Create | Villager (Male) |
| 25:21 | Create | Villager (Male) |
| 25:22 | Create | Villager (Male) |
| 25:25 | Build | Farm |
| 25:25 | Build | Farm |
| 25:26 | Build | Farm |
| 25:26 | Build | Farm |
| 26:42 | Create | Villager (Male) |
| 26:42 | Create | Villager (Male) |
| 26:44 | Create | Villager (Male) |
| 26:52 | Build | Farm |
| 26:54 | Build | Farm |
| 26:55 | Build | Farm |
| 26:56 | Build | Farm |
| 27:10 | Build | Castle |
| 28:07 | Research | Imperial Age |
| 28:10 | Create | Villager (Male) ×5 |
| 28:29 | Create | Villager (Male) ×2 |
| 29:34 | Build | Archery Range |
| 29:47 | Create | Villager (Male) ×5 |
| 29:53 | Build | Farm |
| 29:53 | Build | Farm |
| 29:53 | Build | Farm |
| 29:54 | Build | Farm |
| 29:54 | Build | Farm |
| 30:05 | Build | University |
| 30:09 | Build | House |
| 30:09 | Build | House |
| 30:10 | Build | House |
| 30:11 | Build | House |
| 30:11 | Build | House |
| 30:11 | Build | House |
| 30:12 | Build | House |
| 30:13 | Build | House |
| 30:13 | Build | House |
| 30:15 | Build | House |
| 30:15 | Build | House |
| 30:20 | Build | House |
| 30:41 | Build | Stable |
| 30:42 | Build | Stable |
| 30:43 | Build | Stable |
| 30:48 | Build | Stable |
| 30:50 | Build | Stable |
| 31:17 | Age | Imperial Age |
| 31:22 | Research | Thumb Ring |
Build order — Kuo_Lo
125 actions detected in the replay
| 0:05 | Build | House |
| 0:06 | Build | House |
| 0:11 | Create | Villager (Male) |
| 0:11 | Create | Villager (Male) |
| 0:11 | Create | Villager (Male) |
| 0:27 | Create | Villager (Male) |
| 1:30 | Create | Villager (Male) |
| 2:01 | Create | Villager (Male) |
| 2:28 | Create | Villager (Male) |
| 2:56 | Create | Villager (Male) |
| 3:56 | Create | Villager (Male) |
| 3:56 | Create | Villager (Male) |
| 3:58 | Create | Villager (Male) |
| 4:07 | Build | House |
| 4:45 | Build | Mill |
| 5:21 | Create | Villager (Male) |
| 5:22 | Create | Villager (Male) |
| 5:22 | Create | Villager (Male) |
| 6:03 | Create | Villager (Male) |
| 6:15 | Create | Villager (Male) |
| 6:15 | Create | Villager (Male) |
| 6:22 | Build | House |
| 8:17 | Create | Villager (Male) |
| 8:28 | Build | Lumber Camp |
| 8:42 | Create | Villager (Male) |
| 9:15 | Create | Villager (Male) |
| 9:49 | Research | Feudal Age |
| 10:11 | Build | Mill |
| 10:21 | Build | Mining Camp |
| 10:32 | Build | House |
| 10:33 | Build | House |
| 10:35 | Build | House |
| 11:59 | Age | Feudal Age |
| 12:17 | Create | Villager (Male) |
| 12:17 | Create | Villager (Male) |
| 12:46 | Build | Farm |
| 13:15 | Build | Mining Camp |
| 13:57 | Research | Castle Age |
| 16:23 | Build | Archery Range |
| 16:37 | Age | Castle Age |
| 16:54 | Build | Castle |
| 17:26 | Create | Villager (Male) |
| 17:26 | Create | Villager (Male) |
| 17:27 | Create | Villager (Male) |
| 17:27 | Create | Villager (Male) |
| 17:49 | Create | Villager (Male) |
| 18:20 | Build | Siege Workshop |
| 18:31 | Create | Archer |
| 18:32 | Create | Archer |
| 18:40 | Create | Archer |
| 18:47 | Build | Mining Camp |
| 18:50 | Create | Battering Ram |
| 18:54 | Create | Scorpion |
| 19:18 | Create | Villager (Male) |
| 19:19 | Create | Villager (Male) |
| 19:27 | Build | Farm |
| 19:27 | Build | Farm |
| 19:29 | Build | Farm |
| 19:39 | Create | Archer |
| 19:39 | Create | Archer |
| 20:12 | Research | Crossbowman (upgrade) |
| 20:16 | Create | Archer |
| 20:21 | Create | Villager (Male) |
| 20:21 | Create | Villager (Male) |
| 20:36 | Research | Double-Bit Axe |
| 20:47 | Create | Mangonel |
| 21:06 | Create | Villager (Male) |
| 21:15 | Create | Archer |
| 21:16 | Create | Archer |
| 21:17 | Create | Archer |
| 22:04 | Create | Archer |
| 22:04 | Create | Archer |
| 22:11 | Create | Ballista Elephant |
| 23:14 | Build | Blacksmith |
| 24:18 | Build | Barracks |
| 24:52 | Build | Castle |
| 25:03 | Research | Pikeman (upgrade) |
| 25:03 | Create | Spearman |
| 25:04 | Create | Spearman |
| 25:04 | Create | Spearman |
| 25:04 | Create | Spearman |
| 25:21 | Build | Town Center |
| 26:00 | Create | Battering Ram |
| 26:26 | Create | Archer |
| 26:26 | Create | Archer |
| 26:26 | Create | Archer |
| 26:26 | Create | Archer |
| 26:27 | Create | Archer |
| 26:27 | Create | Archer |
| 26:27 | Create | Archer |
| 26:36 | Create | Villager (Male) |
| 26:37 | Create | Villager (Male) |
| 26:37 | Create | Villager (Male) |
| 26:50 | Build | Farm |
| 26:51 | Build | Farm |
| 26:51 | Build | Farm |
| 26:51 | Build | Farm |
| 27:17 | Build | Watch Tower |
| 27:32 | Create | Spearman |
| 27:32 | Create | Spearman |
| 27:32 | Create | Spearman |
| 28:10 | Build | Watch Tower |
| 28:31 | Create | Villager (Male) |
| 28:31 | Create | Villager (Male) |
| 28:31 | Create | Villager (Male) |
| 28:36 | Build | Farm |
| 28:36 | Build | Farm |
| 28:37 | Build | Farm |
| 28:54 | Create | Archer |
| 28:54 | Create | Archer |
| 28:54 | Create | Archer |
| 28:57 | Create | Battering Ram |
| 28:57 | Create | Battering Ram |
| 29:27 | Create | Spearman |
| 29:27 | Create | Spearman |
| 29:27 | Create | Spearman |
| 29:27 | Create | Spearman |
| 29:28 | Create | Spearman |
| 29:42 | Create | Mangonel |
| 29:45 | Create | Spearman |
| 29:45 | Create | Spearman |
| 29:55 | Build | Watch Tower |
| 30:42 | Build | Watch Tower |
| 30:50 | Create | Villager (Male) |
| 30:51 | Create | Villager (Male) |
Build order — kz
98 actions detected in the replay
| 0:22 | Create | Villager (Male) |
| 0:22 | Create | Villager (Male) |
| 0:22 | Create | Villager (Male) |
| 0:52 | Build | House |
| 1:31 | Create | Villager (Male) |
| 1:32 | Create | Villager (Male) |
| 1:37 | Build | House |
| 3:14 | Create | Villager (Male) |
| 3:15 | Create | Villager (Male) |
| 3:15 | Create | Villager (Male) |
| 3:39 | Create | Villager (Male) |
| 4:00 | Create | Villager (Male) |
| 4:01 | Create | Villager (Male) |
| 4:34 | Create | Villager (Male) |
| 5:05 | Create | Villager (Male) |
| 5:06 | Create | Villager (Male) |
| 5:34 | Create | Villager (Male) |
| 5:34 | Create | Villager (Male) |
| 5:42 | Build | House |
| 5:46 | Build | House |
| 5:58 | Build | Mill |
| 6:35 | Create | Villager (Male) |
| 6:35 | Create | Villager (Male) |
| 7:19 | Build | Mill |
| 7:44 | Create | Villager (Male) |
| 7:44 | Create | Villager (Male) |
| 8:30 | Create | Villager (Male) |
| 8:30 | Create | Villager (Male) |
| 8:58 | Create | Villager (Male) |
| 8:59 | Create | Villager (Male) |
| 10:05 | Build | Mining Camp |
| 10:15 | Create | Villager (Male) |
| 10:43 | Build | House |
| 10:51 | Build | House |
| 10:53 | Research | Feudal Age |
| 11:00 | Build | House |
| 11:56 | Build | Lumber Camp |
| 12:10 | Build | House |
| 12:14 | Build | House |
| 13:14 | Age | Feudal Age |
| 13:18 | Create | Villager (Male) |
| 13:19 | Create | Villager (Male) |
| 13:19 | Create | Villager (Male) |
| 13:19 | Create | Villager (Male) |
| 13:20 | Create | Villager (Male) |
| 13:20 | Create | Villager (Male) |
| 13:20 | Create | Villager (Male) |
| 13:20 | Create | Villager (Male) |
| 13:21 | Create | Villager (Male) |
| 13:21 | Create | Villager (Male) |
| 13:21 | Create | Villager (Male) |
| 14:01 | Build | Mill |
| 14:20 | Build | House |
| 15:12 | Build | Mill |
| 15:22 | Build | House |
| 15:26 | Create | Villager (Male) |
| 15:26 | Create | Villager (Male) |
| 15:26 | Create | Villager (Male) |
| 15:26 | Create | Villager (Male) |
| 15:27 | Create | Villager (Male) |
| 15:31 | Build | Farm |
| 15:38 | Research | Double-Bit Axe |
| 15:42 | Create | Villager (Male) |
| 15:43 | Create | Villager (Male) |
| 15:43 | Create | Villager (Male) |
| 15:44 | Create | Villager (Male) |
| 15:54 | Build | Farm |
| 16:30 | Build | Farm |
| 16:32 | Research | Horse Collar |
| 16:49 | Build | Blacksmith |
| 16:53 | Build | Market |
| 16:58 | Build | Blacksmith |
| 17:07 | Build | Farm |
| 17:19 | Build | Farm |
| 18:03 | Build | Farm |
| 18:06 | Build | Farm |
| 18:16 | Research | Wheelbarrow |
| 18:30 | Build | Farm |
| 19:11 | Build | Farm |
| 19:57 | Research | Castle Age |
| 20:11 | Build | Mining Camp |
| 20:17 | Create | Villager (Male) |
| 20:18 | Create | Villager (Male) |
| 20:34 | Build | Mill |
| 23:06 | Build | Mining Camp |
| 25:33 | Age | Castle Age |
| 26:09 | Build | Stone Wall |
| 26:51 | Create | Villager (Male) |
| 26:51 | Create | Villager (Male) |
| 26:51 | Create | Villager (Male) |
| 26:52 | Create | Villager (Male) |
| 26:52 | Create | Villager (Male) |
| 26:52 | Create | Villager (Male) |
| 26:52 | Create | Villager (Male) |
| 26:52 | Create | Villager (Male) |
| 26:53 | Create | Villager (Male) |
| 26:53 | Create | Villager (Male) |
| 27:08 | Build | Barracks |
Build order — colacion de chapsui de pollo
First 150 of 205 actions detected
| 0:04 | Build | House |
| 0:06 | Create | Villager (Male) |
| 0:06 | Create | Villager (Male) |
| 0:08 | Build | House |
| 0:25 | Create | Villager (Male) |
| 0:25 | Create | Villager (Male) |
| 1:37 | Create | Villager (Male) |
| 2:26 | Create | Villager (Male) |
| 2:26 | Create | Villager (Male) |
| 2:26 | Create | Villager (Male) |
| 3:07 | Create | Villager (Male) |
| 3:09 | Create | Villager (Male) |
| 3:09 | Create | Villager (Male) |
| 4:27 | Build | House |
| 4:30 | Build | House |
| 4:33 | Create | Villager (Male) |
| 4:51 | Create | Villager (Male) |
| 4:52 | Create | Villager (Male) |
| 5:55 | Create | Villager (Male) |
| 5:56 | Create | Villager (Male) |
| 6:16 | Create | Villager (Male) |
| 6:24 | Build | Mill |
| 6:56 | Build | Lumber Camp |
| 7:11 | Create | Villager (Male) |
| 7:28 | Research | Feudal Age |
| 7:53 | Build | House |
| 8:07 | Build | Mill |
| 9:18 | Create | Villager (Male) |
| 9:18 | Create | Villager (Male) |
| 9:19 | Create | Villager (Male) |
| 9:27 | Create | Villager (Male) |
| 9:38 | Age | Feudal Age |
| 9:47 | Research | Double-Bit Axe |
| 9:50 | Research | Horse Collar |
| 9:52 | Create | Villager (Male) |
| 10:14 | Build | Farm |
| 10:15 | Build | Farm |
| 10:17 | Build | Farm |
| 10:22 | Build | Farm |
| 10:25 | Create | Villager (Male) |
| 10:45 | Build | Market |
| 11:01 | Create | Villager (Male) |
| 11:06 | Create | Villager (Male) |
| 11:37 | Create | Villager (Male) |
| 11:41 | Build | Farm |
| 11:43 | Build | Farm |
| 11:45 | Build | Farm |
| 12:03 | Build | House |
| 12:04 | Build | House |
| 12:17 | Build | House |
| 12:37 | Build | Mining Camp |
| 12:46 | Create | Villager (Male) |
| 13:03 | Build | Lumber Camp |
| 13:21 | Create | Villager (Male) |
| 13:21 | Research | Wheelbarrow |
| 13:49 | Create | Villager (Male) |
| 14:05 | Build | Farm |
| 14:10 | Build | Farm |
| 14:15 | Create | Villager (Male) |
| 14:23 | Build | Farm |
| 14:26 | Build | Farm |
| 14:51 | Build | Blacksmith |
| 15:11 | Build | Blacksmith |
| 15:19 | Create | Villager (Male) |
| 15:33 | Build | Farm |
| 15:54 | Create | Villager (Male) |
| 16:25 | Research | Castle Age |
| 17:35 | Create | Villager (Male) |
| 17:36 | Create | Villager (Male) |
| 17:46 | Create | Villager (Male) |
| 18:17 | Research | Gold Mining |
| 18:27 | Research | Stone Mining |
| 18:51 | Age | Castle Age |
| 19:02 | Build | Town Center |
| 19:17 | Build | Town Center |
| 20:08 | Research | Heavy Plow |
| 20:11 | Research | Bow Saw |
| 20:14 | Create | Villager (Male) |
| 20:14 | Create | Villager (Male) |
| 20:14 | Create | Villager (Male) |
| 20:15 | Create | Villager (Male) |
| 20:17 | Create | Villager (Male) |
| 20:17 | Create | Villager (Male) |
| 20:18 | Create | Villager (Male) |
| 20:22 | Create | Villager (Male) |
| 20:37 | Create | Villager (Male) |
| 20:37 | Create | Villager (Male) |
| 20:38 | Create | Villager (Male) |
| 20:41 | Create | Villager (Male) |
| 20:55 | Create | Villager (Male) |
| 20:58 | Research | Gold Shaft Mining |
| 21:18 | Build | Farm |
| 21:21 | Build | Farm |
| 21:23 | Build | Farm |
| 21:29 | Build | Farm |
| 21:35 | Build | Farm |
| 21:43 | Build | Farm |
| 21:51 | Create | Villager (Male) |
| 21:56 | Research | Hand Cart |
| 22:06 | Build | Farm |
| 22:09 | Build | Farm |
| 22:10 | Build | Farm |
| 22:17 | Create | Villager (Male) |
| 22:23 | Create | Villager (Male) |
| 22:25 | Create | Villager (Male) |
| 22:44 | Create | Villager (Male) |
| 22:45 | Create | Villager (Male) |
| 23:03 | Build | House |
| 23:04 | Build | House |
| 23:05 | Build | House |
| 23:06 | Build | House |
| 23:18 | Build | Farm |
| 23:30 | Create | Villager (Male) |
| 23:30 | Create | Villager (Male) |
| 23:30 | Create | Villager (Male) |
| 23:31 | Create | Villager (Male) |
| 23:35 | Create | Villager (Male) |
| 23:36 | Create | Villager (Male) |
| 23:37 | Create | Villager (Male) |
| 23:41 | Create | Villager (Male) |
| 23:43 | Create | Villager (Male) |
| 23:44 | Create | Villager (Male) |
| 23:50 | Build | Farm |
| 23:55 | Build | Farm |
| 24:25 | Build | Town Center |
| 24:49 | Build | Monastery |
| 24:57 | Build | Monastery |
| 25:02 | Build | University |
| 25:13 | Build | Farm |
| 25:25 | Research | Loom |
| 25:26 | Research | Town Watch |
| 25:29 | Create | Villager (Male) |
| 25:29 | Create | Villager (Male) |
| 25:30 | Create | Villager (Male) |
| 25:30 | Create | Villager (Male) |
| 25:41 | Build | Lumber Camp |
| 26:12 | Create | Villager (Male) |
| 26:13 | Create | Villager (Male) |
| 26:13 | Create | Villager (Male) |
| 26:13 | Create | Villager (Male) |
| 26:27 | Build | Farm |
| 26:32 | Create | Villager (Male) |
| 26:38 | Create | Villager (Male) |
| 26:39 | Create | Villager (Male) |
| 26:39 | Create | Villager (Male) |
| 26:39 | Create | Villager (Male) |
| 26:51 | Build | Barracks |
| 26:54 | Build | Siege Workshop |
| 27:05 | Research | Padded Archer Armor |
| 27:06 | Research | Fletching |
Build order — wexgroud
First 150 of 276 actions detected
| 0:06 | Build | House |
| 0:09 | Build | House |
| 0:16 | Create | Villager (Male) |
| 0:16 | Create | Villager (Male) |
| 0:17 | Create | Villager (Male) |
| 0:17 | Create | Villager (Male) |
| 0:17 | Create | Villager (Male) |
| 2:06 | Build | Lumber Camp |
| 2:46 | Create | Villager (Male) |
| 2:46 | Create | Villager (Male) |
| 2:46 | Create | Villager (Male) |
| 2:46 | Create | Villager (Male) |
| 3:45 | Create | Villager (Male) |
| 3:46 | Create | Villager (Male) |
| 3:46 | Create | Villager (Male) |
| 3:46 | Create | Villager (Male) |
| 3:51 | Build | House |
| 3:52 | Build | House |
| 3:54 | Build | House |
| 4:23 | Create | Villager (Male) |
| 4:23 | Create | Villager (Male) |
| 5:12 | Create | Villager (Male) |
| 5:12 | Create | Villager (Male) |
| 5:12 | Create | Villager (Male) |
| 5:45 | Create | Villager (Male) |
| 5:46 | Create | Villager (Male) |
| 5:46 | Create | Villager (Male) |
| 6:50 | Create | Villager (Male) |
| 6:51 | Create | Villager (Male) |
| 7:10 | Build | Mill |
| 7:28 | Create | Villager (Male) |
| 7:29 | Create | Villager (Male) |
| 7:30 | Create | Villager (Male) |
| 8:14 | Create | Villager (Male) |
| 8:19 | Research | Feudal Age |
| 9:59 | Build | Mining Camp |
| 10:57 | Build | Farm |
| 10:59 | Build | Farm |
| 11:00 | Build | Farm |
| 11:02 | Build | Farm |
| 11:13 | Build | House |
| 11:15 | Build | House |
| 11:42 | Research | Loom |
| 12:01 | Build | Farm |
| 12:26 | Age | Feudal Age |
| 12:29 | Build | Blacksmith |
| 12:42 | Build | Market |
| 12:47 | Create | Villager (Male) |
| 12:59 | Build | Farm |
| 13:04 | Build | Farm |
| 13:06 | Build | Farm |
| 13:19 | Build | House |
| 13:26 | Create | Villager (Male) |
| 14:01 | Build | Farm |
| 14:06 | Create | Villager (Male) |
| 14:25 | Research | Castle Age |
| 14:38 | Build | Mining Camp |
| 15:01 | Build | Lumber Camp |
| 15:14 | Build | Lumber Camp |
| 15:46 | Research | Double-Bit Axe |
| 15:49 | Research | Horse Collar |
| 16:40 | Create | Villager (Male) |
| 17:00 | Create | Villager (Male) |
| 17:05 | Age | Castle Age |
| 17:10 | Build | Town Center |
| 17:25 | Build | Town Center |
| 17:33 | Create | Villager (Male) |
| 18:16 | Create | Villager (Male) |
| 18:17 | Create | Villager (Male) |
| 18:26 | Build | Farm |
| 18:27 | Build | Farm |
| 18:36 | Build | Farm |
| 18:37 | Build | Farm |
| 18:48 | Create | Villager (Male) |
| 18:48 | Create | Villager (Male) |
| 18:49 | Create | Villager (Male) |
| 18:51 | Create | Villager (Male) |
| 18:51 | Create | Villager (Male) |
| 18:52 | Create | Villager (Male) |
| 18:54 | Create | Villager (Male) |
| 18:55 | Create | Villager (Male) |
| 18:55 | Create | Villager (Male) |
| 19:19 | Research | Bow Saw |
| 19:43 | Create | Villager (Male) |
| 19:43 | Create | Villager (Male) |
| 19:43 | Create | Villager (Male) |
| 19:55 | Build | Farm |
| 19:57 | Build | Farm |
| 19:59 | Build | Farm |
| 20:02 | Create | Villager (Male) |
| 20:05 | Create | Villager (Male) |
| 20:05 | Create | Villager (Male) |
| 20:32 | Research | Heavy Plow |
| 20:43 | Build | Farm |
| 20:50 | Create | Villager (Male) |
| 20:50 | Create | Villager (Male) |
| 20:50 | Create | Villager (Male) |
| 21:02 | Build | House |
| 21:04 | Build | House |
| 21:05 | Build | House |
| 21:11 | Create | Villager (Male) |
| 21:11 | Create | Villager (Male) |
| 21:18 | Create | Villager (Male) |
| 21:19 | Create | Villager (Male) |
| 21:26 | Create | Villager (Male) |
| 21:45 | Create | Villager (Male) |
| 21:46 | Create | Villager (Male) |
| 21:46 | Create | Villager (Male) |
| 22:00 | Create | Villager (Male) |
| 22:01 | Create | Villager (Male) |
| 22:01 | Create | Villager (Male) |
| 22:07 | Build | Farm |
| 22:07 | Build | Farm |
| 22:08 | Build | Farm |
| 22:10 | Build | Farm |
| 22:14 | Create | Villager (Male) |
| 22:15 | Create | Villager (Male) |
| 22:27 | Create | Villager (Male) |
| 22:27 | Create | Villager (Male) |
| 22:27 | Create | Villager (Male) |
| 22:27 | Create | Villager (Male) |
| 22:33 | Build | Farm |
| 22:33 | Build | Farm |
| 22:33 | Build | Farm |
| 22:34 | Build | Farm |
| 22:34 | Build | Farm |
| 22:47 | Build | Farm |
| 22:47 | Build | Farm |
| 22:47 | Build | Farm |
| 22:47 | Build | Farm |
| 22:48 | Build | Farm |
| 22:51 | Create | Villager (Male) |
| 22:51 | Create | Villager (Male) |
| 22:52 | Create | Villager (Male) |
| 23:01 | Build | House |
| 23:03 | Build | House |
| 23:05 | Create | Villager (Male) |
| 23:05 | Create | Villager (Male) |
| 23:05 | Create | Villager (Male) |
| 23:19 | Build | Castle |
| 23:24 | Create | Villager (Male) |
| 23:25 | Create | Villager (Male) |
| 23:35 | Create | Villager (Male) |
| 23:35 | Create | Villager (Male) |
| 23:37 | Create | Villager (Male) |
| 23:59 | Create | Villager (Male) |
| 23:59 | Create | Villager (Male) |
| 23:59 | Create | Villager (Male) |
| 24:13 | Build | Farm |
| 24:18 | Build | Farm |
Build order — luke_the_black_cat
First 150 of 189 actions detected
| 0:03 | Create | Villager (Male) |
| 0:03 | Create | Villager (Male) |
| 0:03 | Create | Villager (Male) |
| 0:04 | Create | Villager (Male) |
| 0:04 | Create | Villager (Male) |
| 0:04 | Create | Villager (Male) |
| 0:07 | Build | House |
| 0:10 | Build | House |
| 0:47 | Research | Loom |
| 1:34 | Create | Villager (Male) |
| 1:34 | Create | Villager (Male) |
| 2:52 | Create | Villager (Male) |
| 2:52 | Create | Villager (Male) |
| 2:52 | Create | Villager (Male) |
| 2:53 | Create | Villager (Male) |
| 3:22 | Create | Villager (Male) |
| 3:23 | Create | Villager (Male) |
| 3:33 | Create | Villager (Male) |
| 3:34 | Create | Villager (Male) |
| 4:42 | Create | Villager (Male) |
| 4:43 | Create | Villager (Male) |
| 4:43 | Create | Villager (Male) |
| 4:43 | Create | Villager (Male) |
| 4:43 | Create | Villager (Male) |
| 4:44 | Create | Villager (Male) |
| 5:02 | Build | House |
| 6:20 | Build | Mill |
| 6:42 | Build | Lumber Camp |
| 6:46 | Create | Villager (Male) |
| 6:47 | Create | Villager (Male) |
| 6:47 | Create | Villager (Male) |
| 6:47 | Create | Villager (Male) |
| 6:48 | Create | Villager (Male) |
| 6:50 | Create | Villager (Male) |
| 6:50 | Create | Villager (Male) |
| 6:50 | Create | Villager (Male) |
| 7:06 | Build | House |
| 7:38 | Create | Villager (Male) |
| 7:38 | Create | Villager (Male) |
| 7:54 | Build | Mining Camp |
| 8:19 | Create | Villager (Male) |
| 8:22 | Build | House |
| 8:58 | Research | Feudal Age |
| 9:38 | Create | Villager (Male) |
| 10:02 | Research | Feudal Age |
| 13:19 | Build | Barracks |
| 13:32 | Age | Feudal Age |
| 13:39 | Build | Blacksmith |
| 13:51 | Research | Double-Bit Axe |
| 13:57 | Build | Archery Range |
| 14:14 | Build | Farm |
| 14:17 | Build | Farm |
| 14:23 | Build | Farm |
| 14:25 | Build | Farm |
| 14:38 | Research | Castle Age |
| 14:46 | Build | Farm |
| 14:49 | Build | Farm |
| 14:53 | Build | Farm |
| 14:59 | Build | Mining Camp |
| 16:07 | Research | Stone Mining |
| 16:31 | Build | House |
| 16:32 | Build | House |
| 16:49 | Create | Villager (Male) |
| 16:52 | Create | Villager (Male) |
| 17:18 | Age | Castle Age |
| 17:26 | Build | Town Center |
| 17:57 | Build | Town Center |
| 18:09 | Create | Villager (Male) |
| 18:09 | Create | Villager (Male) |
| 18:11 | Create | Villager (Male) |
| 18:26 | Build | Town Center |
| 18:31 | Create | Villager (Male) |
| 18:33 | Create | Villager (Male) |
| 18:45 | Build | Farm |
| 18:47 | Build | Farm |
| 18:49 | Build | Farm |
| 19:03 | Build | Farm |
| 19:09 | Research | Gold Mining |
| 19:18 | Create | Villager (Male) |
| 19:31 | Build | Farm |
| 19:58 | Create | Villager (Male) |
| 20:01 | Create | Villager (Male) |
| 20:12 | Build | Farm |
| 20:19 | Build | Farm |
| 20:38 | Build | Castle |
| 20:46 | Build | Farm |
| 20:56 | Research | Bow Saw |
| 20:58 | Create | Villager (Male) |
| 21:06 | Create | Villager (Male) |
| 21:13 | Create | Spearman |
| 21:13 | Create | Spearman |
| 21:38 | Build | Mining Camp |
| 21:47 | Create | Villager (Male) |
| 21:48 | Create | Villager (Male) |
| 21:51 | Create | Villager (Male) |
| 22:05 | Build | Farm |
| 22:06 | Build | Farm |
| 22:12 | Build | Farm |
| 22:13 | Build | Farm |
| 22:16 | Create | Villager (Male) |
| 22:17 | Create | Villager (Male) |
| 22:19 | Create | Villager (Male) |
| 22:32 | Build | Siege Workshop |
| 23:05 | Create | Villager (Male) |
| 23:06 | Create | Villager (Male) |
| 23:07 | Create | Villager (Male) |
| 23:13 | Build | Farm |
| 23:16 | Build | Farm |
| 23:22 | Build | Farm |
| 23:31 | Create | Longbowman |
| 23:31 | Create | Longbowman |
| 23:31 | Create | Longbowman |
| 23:32 | Create | Longbowman |
| 23:41 | Create | Battering Ram |
| 23:51 | Create | Spearman |
| 23:51 | Create | Spearman |
| 23:55 | Research | Pikeman (upgrade) |
| 23:57 | Create | Spearman |
| 24:04 | Build | Farm |
| 24:08 | Build | Farm |
| 24:30 | Create | Villager (Male) |
| 24:30 | Create | Villager (Male) |
| 24:34 | Create | Villager (Male) |
| 24:34 | Create | Villager (Male) |
| 24:35 | Create | Villager (Male) |
| 24:36 | Create | Villager (Male) |
| 24:36 | Create | Villager (Male) |
| 24:42 | Create | Spearman |
| 25:09 | Create | Longbowman |
| 25:09 | Create | Longbowman |
| 25:10 | Create | Longbowman |
| 25:10 | Create | Longbowman |
| 25:40 | Create | Spearman |
| 25:40 | Create | Spearman |
| 25:43 | Create | Longbowman |
| 25:44 | Create | Longbowman |
| 25:49 | Create | Villager (Male) |
| 25:49 | Create | Villager (Male) |
| 25:50 | Create | Villager (Male) |
| 25:51 | Create | Villager (Male) |
| 25:53 | Create | Villager (Male) |
| 25:53 | Create | Villager (Male) |
| 26:09 | Build | House |
| 26:11 | Build | House |
| 26:22 | Create | Villager (Male) |
| 26:24 | Create | Villager (Male) |
| 26:25 | Create | Villager (Male) |
| 26:28 | Create | Spearman |
| 26:29 | Create | Spearman |
| 26:34 | Create | Longbowman |
Build order — Babeseba51
First 150 of 155 actions detected
| 0:04 | Build | House |
| 0:05 | Build | House |
| 0:07 | Build | House |
| 0:09 | Create | Villager (Male) |
| 0:09 | Create | Villager (Male) |
| 0:09 | Create | Villager (Male) |
| 0:10 | Create | Villager (Male) |
| 0:10 | Create | Villager (Male) |
| 1:37 | Create | Villager (Male) |
| 1:57 | Build | Lumber Camp |
| 2:39 | Create | Villager (Male) |
| 2:40 | Create | Villager (Male) |
| 3:20 | Create | Villager (Male) |
| 3:42 | Create | Villager (Male) |
| 4:01 | Create | Villager (Male) |
| 4:24 | Build | Mill |
| 4:28 | Create | Villager (Male) |
| 4:49 | Create | Villager (Male) |
| 5:13 | Create | Villager (Male) |
| 5:43 | Create | Villager (Male) |
| 6:09 | Build | House |
| 6:10 | Build | House |
| 6:11 | Build | House |
| 6:21 | Create | Villager (Male) |
| 6:53 | Create | Villager (Male) |
| 7:13 | Create | Villager (Male) |
| 7:25 | Build | Barracks |
| 7:40 | Create | Villager (Male) |
| 8:36 | Build | Mining Camp |
| 8:42 | Build | House |
| 8:43 | Build | House |
| 8:46 | Research | Feudal Age |
| 9:56 | Build | Lumber Camp |
| 10:27 | Build | Farm |
| 10:28 | Build | Farm |
| 10:47 | Build | Farm |
| 11:01 | Create | Villager (Male) |
| 11:02 | Create | Villager (Male) |
| 11:10 | Build | Farm |
| 11:35 | Create | Villager (Male) |
| 11:44 | Build | Farm |
| 12:14 | Build | Mining Camp |
| 12:20 | Create | Villager (Male) |
| 12:35 | Research | Double-Bit Axe |
| 12:43 | Create | Villager (Male) |
| 12:59 | Create | Villager (Male) |
| 13:06 | Research | Horse Collar |
| 13:21 | Build | Blacksmith |
| 13:32 | Create | Villager (Male) |
| 13:39 | Build | Farm |
| 13:58 | Research | Wheelbarrow |
| 14:03 | Build | Farm |
| 14:21 | Build | Stable |
| 14:58 | Build | Archery Range |
| 15:03 | Create | Villager (Male) |
| 15:36 | Create | Villager (Male) |
| 15:46 | Build | Farm |
| 16:05 | Build | Market |
| 16:14 | Build | Farm |
| 16:17 | Create | Villager (Male) |
| 16:42 | Create | Villager (Male) |
| 16:50 | Build | Farm |
| 17:06 | Create | Villager (Male) |
| 17:16 | Build | Farm |
| 17:31 | Create | Villager (Male) |
| 17:37 | Build | Farm |
| 17:56 | Create | Villager (Male) |
| 18:02 | Build | Farm |
| 18:26 | Build | Watch Tower |
| 18:34 | Create | Villager (Male) |
| 19:07 | Research | Castle Age |
| 19:48 | Build | Stable |
| 19:56 | Build | Archery Range |
| 20:12 | Build | Barracks |
| 20:43 | Build | Barracks |
| 21:20 | Create | Spearman |
| 21:20 | Create | Spearman |
| 21:20 | Create | Spearman |
| 21:20 | Create | Spearman |
| 21:21 | Create | Spearman |
| 21:21 | Create | Spearman |
| 21:21 | Create | Spearman |
| 21:59 | Build | Castle |
| 22:04 | Create | Villager (Male) |
| 22:04 | Create | Villager (Male) |
| 22:04 | Create | Villager (Male) |
| 22:16 | Create | Knight |
| 22:17 | Create | Knight |
| 22:17 | Create | Knight |
| 22:17 | Create | Knight |
| 22:17 | Create | Knight |
| 22:18 | Create | Knight |
| 22:23 | Create | Knight |
| 22:24 | Create | Knight |
| 22:24 | Create | Knight |
| 22:25 | Create | Knight |
| 22:25 | Create | Knight |
| 23:30 | Build | House |
| 23:31 | Build | House |
| 23:32 | Build | House |
| 24:10 | Build | Farm |
| 24:19 | Create | Villager (Male) |
| 24:19 | Create | Villager (Male) |
| 24:41 | Build | House |
| 24:42 | Build | House |
| 24:44 | Build | House |
| 24:46 | Build | House |
| 24:47 | Build | House |
| 24:48 | Build | House |
| 25:03 | Research | Forging |
| 25:05 | Research | Scale Barding Armor |
| 25:08 | Create | Villager (Male) |
| 25:09 | Create | Villager (Male) |
| 25:14 | Research | Heavy Plow |
| 25:33 | Create | Villager (Male) |
| 25:33 | Create | Villager (Male) |
| 25:46 | Build | Farm |
| 26:11 | Create | Knight |
| 26:11 | Create | Knight |
| 26:11 | Create | Knight |
| 26:25 | Build | Stable |
| 26:27 | Build | Stable |
| 26:41 | Build | Archery Range |
| 26:43 | Build | Archery Range |
| 27:08 | Build | Farm |
| 27:11 | Research | Hand Cart |
| 27:21 | Build | Farm |
| 27:39 | Build | Blacksmith |
| 27:55 | Create | Knight |
| 27:55 | Create | Knight |
| 28:10 | Create | Cavalry Archer |
| 28:11 | Create | Cavalry Archer |
| 28:11 | Create | Cavalry Archer |
| 28:11 | Create | Cavalry Archer |
| 28:30 | Build | House |
| 28:33 | Build | House |
| 28:35 | Build | House |
| 28:36 | Build | House |
| 28:40 | Create | Cavalry Archer |
| 28:40 | Create | Cavalry Archer |
| 28:40 | Create | Cavalry Archer |
| 28:40 | Create | Cavalry Archer |
| 28:55 | Build | Castle |
| 29:56 | Build | Town Center |
| 30:04 | Create | Villager (Male) |
| 30:04 | Create | Villager (Male) |
| 30:04 | Create | Villager (Male) |
| 30:20 | Research | Gold Mining |
| 30:40 | Research | Chain Barding Armor |
| 31:13 | Build | Siege Workshop |
Build order — 坦诚哥
First 150 of 251 actions detected
| 0:03 | Create | Villager (Male) |
| 0:03 | Create | Villager (Male) |
| 0:04 | Create | Villager (Male) |
| 0:04 | Create | Villager (Male) |
| 0:08 | Build | House |
| 0:09 | Build | House |
| 1:35 | Create | Villager (Male) |
| 1:35 | Create | Villager (Male) |
| 2:23 | Create | Villager (Male) |
| 2:23 | Create | Villager (Male) |
| 2:23 | Create | Villager (Male) |
| 2:55 | Build | Lumber Camp |
| 3:27 | Create | Villager (Male) |
| 3:27 | Create | Villager (Male) |
| 3:27 | Create | Villager (Male) |
| 3:28 | Create | Villager (Male) |
| 3:35 | Build | House |
| 4:23 | Create | Villager (Male) |
| 4:23 | Create | Villager (Male) |
| 4:24 | Create | Villager (Male) |
| 5:32 | Create | Villager (Male) |
| 5:32 | Create | Villager (Male) |
| 5:33 | Create | Villager (Male) |
| 5:33 | Create | Villager (Male) |
| 5:33 | Create | Villager (Male) |
| 6:53 | Create | Villager (Male) |
| 6:53 | Create | Villager (Male) |
| 6:53 | Create | Villager (Male) |
| 6:54 | Create | Villager (Male) |
| 7:01 | Build | House |
| 7:43 | Create | Villager (Male) |
| 8:54 | Build | Mill |
| 9:46 | Research | Loom |
| 10:09 | Research | Feudal Age |
| 10:09 | Research | Feudal Age |
| 10:17 | Build | House |
| 10:18 | Build | House |
| 11:28 | Build | Mill |
| 12:08 | Build | Mining Camp |
| 12:21 | Age | Feudal Age |
| 12:21 | Create | Villager (Male) |
| 12:22 | Create | Villager (Male) |
| 12:23 | Create | Villager (Male) |
| 12:49 | Build | Market |
| 12:53 | Build | Blacksmith |
| 13:35 | Create | Villager (Male) |
| 13:45 | Create | Villager (Male) |
| 14:18 | Research | Castle Age |
| 14:18 | Research | Castle Age |
| 14:18 | Research | Castle Age |
| 14:32 | Research | Double-Bit Axe |
| 14:32 | Research | Double-Bit Axe |
| 14:39 | Research | Horse Collar |
| 16:17 | Research | Wheelbarrow |
| 16:42 | Build | Mill |
| 16:45 | Build | Farm |
| 16:45 | Build | Farm |
| 16:45 | Build | Farm |
| 16:46 | Build | Farm |
| 16:46 | Build | Farm |
| 16:46 | Build | Farm |
| 16:46 | Build | Farm |
| 16:47 | Build | Farm |
| 16:47 | Build | Farm |
| 16:47 | Build | Farm |
| 16:57 | Create | Villager (Male) |
| 16:58 | Create | Villager (Male) |
| 17:06 | Age | Castle Age |
| 17:21 | Research | Bow Saw |
| 17:23 | Create | Villager (Male) |
| 17:45 | Build | Lumber Camp |
| 17:48 | Create | Villager (Male) |
| 18:01 | Build | Farm |
| 18:05 | Build | Farm |
| 18:22 | Build | Farm |
| 18:30 | Create | Villager (Male) |
| 18:34 | Create | Villager (Male) |
| 19:03 | Research | Heavy Plow |
| 19:07 | Create | Villager (Male) |
| 19:33 | Build | Town Center |
| 19:42 | Create | Villager (Male) |
| 19:43 | Create | Villager (Male) |
| 19:54 | Build | Town Center |
| 20:03 | Create | Villager (Male) |
| 20:03 | Create | Villager (Male) |
| 20:13 | Build | House |
| 20:14 | Build | House |
| 20:15 | Build | House |
| 20:17 | Build | House |
| 20:35 | Create | Villager (Male) |
| 20:39 | Create | Villager (Male) |
| 20:39 | Create | Villager (Male) |
| 21:03 | Create | Villager (Male) |
| 21:05 | Create | Villager (Male) |
| 21:15 | Build | House |
| 21:16 | Build | House |
| 21:18 | Build | House |
| 21:19 | Build | House |
| 21:20 | Build | House |
| 21:27 | Create | Villager (Male) |
| 21:27 | Create | Villager (Male) |
| 21:42 | Build | Farm |
| 21:43 | Build | Farm |
| 21:43 | Build | Farm |
| 21:45 | Build | Farm |
| 21:46 | Build | Farm |
| 21:46 | Build | Farm |
| 21:47 | Build | Farm |
| 21:47 | Build | Farm |
| 21:47 | Build | Farm |
| 21:48 | Build | Farm |
| 21:48 | Build | Farm |
| 21:48 | Build | Farm |
| 21:51 | Create | Villager (Male) |
| 21:57 | Create | Villager (Male) |
| 22:20 | Build | Farm |
| 22:20 | Build | Farm |
| 22:21 | Build | Farm |
| 22:21 | Build | Farm |
| 22:21 | Build | Farm |
| 22:21 | Build | Farm |
| 22:26 | Create | Villager (Male) |
| 22:28 | Create | Villager (Male) |
| 22:58 | Build | Monastery |
| 23:03 | Create | Villager (Male) |
| 23:05 | Create | Villager (Male) |
| 23:07 | Create | Villager (Male) |
| 23:11 | Build | Farm |
| 23:14 | Build | Farm |
| 23:15 | Build | Farm |
| 23:15 | Build | Farm |
| 23:15 | Build | Farm |
| 23:16 | Build | Farm |
| 23:20 | Create | Villager (Male) |
| 23:21 | Create | Villager (Male) |
| 23:22 | Create | Villager (Male) |
| 23:36 | Create | Villager (Male) |
| 23:37 | Create | Villager (Male) |
| 23:52 | Build | Lumber Camp |
| 24:01 | Build | Farm |
| 24:01 | Build | Farm |
| 24:12 | Build | Farm |
| 24:15 | Build | Farm |
| 24:25 | Build | Mining Camp |
| 24:30 | Build | Mining Camp |
| 24:43 | Research | Gold Mining |
| 24:49 | Build | House |
| 24:52 | Build | House |
| 24:52 | Build | House |
| 24:55 | Build | House |
Match timeline
| 7:25 | Babeseba51 · first_building Barracks |
| 9:29 | Shirasoni · age_up feudal |
| 9:38 | colacion de chapsui de pollo · age_up feudal |
| 11:59 | Kuo_Lo · age_up feudal |
| 12:21 | 坦诚哥 · age_up feudal |
| 12:26 | wexgroud · age_up feudal |
| 13:14 | kz · age_up feudal |
| 13:19 | luke_the_black_cat · first_building Barracks |
| 13:32 | luke_the_black_cat · age_up feudal |
| 13:57 | luke_the_black_cat · first_building Archery Range |
| 14:21 | Babeseba51 · first_building Stable |
| 14:58 | Babeseba51 · first_building Archery Range |
| 16:23 | Kuo_Lo · first_building Archery Range |
| 16:37 | Kuo_Lo · age_up castle |
| 16:54 | Kuo_Lo · first_building Castle |
| 17:05 | wexgroud · age_up castle |
| 17:06 | 坦诚哥 · age_up castle |
| 17:18 | luke_the_black_cat · age_up castle |
| 18:20 | Kuo_Lo · first_building Siege Workshop |
| 18:51 | colacion de chapsui de pollo · age_up castle |
| 20:00 | Shirasoni · first_building Barracks |
| 20:38 | luke_the_black_cat · first_building Castle |
| 21:23 | Shirasoni · age_up castle |
| 21:59 | Babeseba51 · first_building Castle |
| 22:32 | luke_the_black_cat · first_building Siege Workshop |
| 22:49 | Shirasoni · first_building Castle |
| 22:58 | 坦诚哥 · first_building Monastery |
| 23:19 | wexgroud · first_building Castle |
| 24:18 | Kuo_Lo · first_building Barracks |
| 24:49 | colacion de chapsui de pollo · first_building Monastery |
| 25:33 | kz · age_up castle |
| 26:09 | kz · wall_segment Stone Wall x6 |
| 26:51 | colacion de chapsui de pollo · first_building Barracks |
| 26:54 | colacion de chapsui de pollo · first_building Siege Workshop |
| 26:59 | wexgroud · first_building Barracks |
| 27:08 | kz · first_building Barracks |
| 28:51 | wexgroud · first_building Archery Range |
| 28:54 | wexgroud · first_building Stable |
| 29:29 | kz · resign |
| 29:34 | Shirasoni · first_building Archery Range |
| 30:29 | colacion de chapsui de pollo · age_up imperial |
| 30:38 | 坦诚哥 · first_building Castle |
| 30:41 | Shirasoni · first_building Stable |
| 31:13 | Babeseba51 · first_building Siege Workshop |
| 31:17 | Shirasoni · age_up imperial |
[ AI ANALYSIS · 1 CREDIT ]
What really happened in this match?
Wolo.gg analyzes every decision: build order, eco, micro, common mistakes by bracket. Personalized analysis on WhatsApp or Discord in 30 seconds.
Civ guide
Mongols
Map guide
Arena
Perfil
Shirasoni